Map: Tokamak LE

Players

KimChiLoVer - Winner!

  • Race: Terran Terran
  • League: Diamond
  • Spawn Location: 1:00

VOD

Have the link to the VOD?

Description

Time

  • Played on: Sept. 8, 2025, 9:58 p.m.
  • Length: 15:27
Show
View Real Time Build Order
Export as new Build Order

KimChiLoVer Terran - Winner!

Build Orders:  

Get SALT Encoding   

  12  0:01  SCV  
  13  0:18  SCV  
  14  0:24  Supply Depot  
  14  0:34  SCV  
  15  0:54  SCV  
  15  0:56  Barracks  
  16  1:03  Refinery  
  16  1:11  SCV  
  17  1:28  SCV  
  18  1:45  SCV  
  19  2:02  Orbital Command  
  19  2:09  Reaper  
  20  2:19  Command Center  
  20  2:37  Supply Depot  
  20  2:39  SCV  
  21  2:49  Marine  
  22  3:03  SCV  
  23  3:10  Factory  
  23  3:20  SCV, Barracks Reactor  
  24  3:43  Unknown  
  24  4:04  Orbital Command  
  24  4:11  SCV  
  24  4:18  Barracks  
  25  4:28  SCV  
  25  4:29  Stimpack  
  26  4:32  Barracks Tech Lab  
  26  4:33  Command Center, Hellion x2  
  30  4:45  SCV  
  30  4:46  SCV  
  32  4:56  Refinery  
  32  5:03  SCV  
  33  5:17  Marine  
  34  5:20  SCV  
  34  5:24  SCV  
  36  5:37  SCV  
  36  5:38  Factory Reactor  
  36  5:39  Starport  
  37  5:42  Refinery  
  37  5:44  SCV  
  38  5:51  Marine x3  
  38  5:54  SCV  
  42  6:01  SCV  
  43  6:10  Engineering Bay  
  43  6:11  SCV  
  43  6:14  Engineering Bay  
  43  6:16  Marine  
  43  6:18  SCV  
  46  6:28  SCV  
  46  6:29  Refinery, Supply Depot  
  47  6:34  Orbital Command  
  47  6:35  SCV  
  48  6:44  SCV  
  48  6:49  Medivac x2  
  53  6:52  Marine, SCV  
  53  6:53  Marine  
  53  6:54  Marine  
  53  6:59  Factory Tech Lab  
  57  7:01  SCV  
  58  7:13  Supply Depot  
  58  7:17  Marine  
  58  7:18  Marine, SCV  
  58  7:19  Marine, Unknown  
  62  7:21  Supply Depot  
  62  7:27  Terran Infantry Weapons Level 1  
  62  7:29  Terran Infantry Armor Level 1  
  62  7:35  SCV  
  63  7:49  Marine x2, Supply Depot  
  65  7:52  SCV  
  66  8:04  Orbital Command  
  66  8:05  Supply Depot  
  66  8:10  SCV  
  67  8:21  Marine x2  
  67  8:27  SCV  
  65  8:39  Marine  
  66  8:43  SCV  
  66  8:46  Marine  
  66  8:48  SCV  
  69  8:54  Refinery  
  69  9:00  Refinery  
  69  9:01  Barracks  
  69  9:03  SCV  
  69  9:05  SCV x2, Barracks  
  69  9:07  Barracks  
  72  9:11  Medivac x2  
  72  9:14  Siege Tank  
  79  9:22  SCV x3  
  82  9:35  Marine x2  
  82  9:39  SCV x3  
  87  9:41  Marine  
  87  9:47  Supply Depot  
  87  9:48  Supply Depot  
  88  9:56  SCV x3  
  88  9:59  Siege Tank  
  94  10:00  Marine x2, Barracks  
  94  10:06  Marine  
  94  10:09  Barracks  
  97  10:12  Barracks  
  97  10:13  SCV x2  
  97  10:15  Barracks Reactor x3  
  99  10:25  Marine x2  
  101  10:31  Marine  
  101  10:34  Supply Depot  
  101  10:36  Supply Depot  
  101  10:39  Supply Depot  
  102  10:40  Supply Depot  
  102  10:44  Siege Tank  
  102  10:47  Supply Depot  
  105  10:50  Marine x2, Supply Depot  
  105  10:56  Marine  
  110  11:01  SCV x3  
  110  11:09  Marine x6  
  119  11:15  Marine x2  
  119  11:18  SCV x3  
  124  11:21  Marine  
  124  11:26  Barracks Reactor  
  124  11:29  Siege Tank  
  126  11:31  Barracks Reactor  
  126  11:32  Marine x2  
  126  11:34  Marine x6  
  134  11:40  Marine x2  
  134  11:43  Supply Depot  
  134  11:46  Marine  
  134  11:49  Supply Depot  
  137  11:57  Marine x2  
  137  11:58  Marine  
  137  11:59  Starport Reactor, Marine x5  
  145  12:05  Marine x2  
  147  12:11  Marine  
  147  12:14  Siege Tank  
  147  12:18  Marine x2  
  153  12:22  Marine x2  
  153  12:23  Marine  
  153  12:24  Marine x5  
  161  12:30  Marine x2  
  161  12:36  Marine  
  164  12:43  Marine x2  
  164  12:47  Marine x2  
  164  12:48  Marine  
  164  12:49  Marine x4  
  173  13:00  Marine x2  
  173  13:01  Marine x3  
  178  13:14  Siege Tank  
  178  13:15  Siege Tank x2  
  175  13:44  Marine  
  175  13:45  Marine x5  
  175  13:47  Siege Tank  
  175  13:48  Siege Tank x2  
  181  13:55  Supply Depot x2  
  181  13:58  Supply Depot  
  181  14:10  Marine  
  181  14:13  Marine  
  181  14:14  Marine  
  181  14:18  Marine  
  181  14:25  Marine x11, Siege Tank  
  195  14:35  Marine  
  195  14:38  Marine x2  
  198  14:43  Marine  
  196  14:50  Marine x6  
  189  15:00  Marine  
Tags
 
League
Diamond
Matchup
Co-op
Add a new tag
Caveats
  • Supply blocks, unpowered buildings, or Contaminate may cause inaccurate times.
  • Supply counts are checked every 10 seconds.